 Dungeon Crawl Stone Soup version 0.30-a0-760-g5a9884bb7c (webtiles) character file.

Game seed: 6746171248728916079

25 lunkers the Cutter (level 3, -7/31 HPs)
             Began as a Meteoran Fighter on Feb 10, 2023.
             Mangled by Sigmund
             ... wielding a +0 scythe
              (8 damage)
             ... on level 2 of the Dungeon.
             The game lasted 00:00:40 (431 turns).

lunkers the Cutter (Meteoran Fighter)                Turns: 431, Time: 00:00:41

Health: -7/31      AC:  6    Str: 18    XL:     3   Next: 38%
Magic:  4/4        EV:  9    Int:  9    God:
Gold:   18         SH:  5    Dex: 15    Spells: 2/2 levels left

rFire   . . .      SeeInvis .    a - +0 rapier
rCold   . . .      Faith    .    c - +0 buckler
rNeg    . . .      Spirit   .    b - +0 scale mail
rPois   .          Reflect  .    (no helmet)
rElec   .          Harm     .    (no cloak)
rCorr   .          Rampage  .    (no gloves)
Will    .....                    (no boots) Stlth
                                 (no amulet)
HPRegen 0.25/turn                (no ring)
MPRegen 0.09/turn                (no ring)

@: mighty, glowing
A: sense surroundings 1, otherworldly, glowing, explore regen
a: no special abilities


You were on level 2 of the Dungeon.
You visited 1 branch of the dungeon, and saw 2 of its levels.

You collected 18 gold pieces.

Inventory:

Hand Weapons
 a - a +0 rapier (weapon)
Missiles
 j - 2 curare-tipped darts
Armour
 b - a +0 scale mail (worn)
 c - a +0 buckler (worn)
Scrolls
 e - a scroll of enchant weapon {unknown}
 f - a scroll of fog {unknown}
 h - 2 scrolls of poison {unknown}
 i - a scroll of fear {unknown}
Potions
 d - a potion of might
 g - a potion of degeneration {unknown}
 k - a potion of magic {unknown}


   Skills:
 - Level 3.2 Fighting
 + Level 3.8 Short Blades
 - Level 3.6 Armour
 - Level 3.6 Shields


You had 2 spell levels left.
You didn't know any spells.
Your spell library was empty.

Dungeon Overview and Level Annotations

Branches:
Dungeon (2/15) Zot: 761

Altars:
Vehumet

Annotations:
D:2 Sigmund


Innate Abilities, Weirdness & Mutations

You passively map a small area around you.
You are easily found by Zot.
You glow in the dark.
You regain HP and MP as you explore.


Message History

No target in view!
No target in view!
No target in view!
No target in view!
No target in view!
No target in view!
No target in view!
No target in view!
No target in view!
No target in view!
No target in view!
No target in view!
No target in view!
No target in view!
No target in view!
No target in view!
No target in view!
You block something's attack.
You see here a frilled lizard corpse.
You miss something. Something hits you.
* * * LOW HITPOINT WARNING * * *
You miss something. You miss something. Something hits you.
* * * LOW HITPOINT WARNING * * *
You hit something. Something hits you.
* * * LOW HITPOINT WARNING * * *
You feel very mighty all of a sudden.
Unknown command.
Unknown command.
You closely miss something. Something hits you but does no damage.
Unknown command.
You miss something. Something hits you.
* * * LOW HITPOINT WARNING * * *
You puncture something!
You hear some strange, mumbled words.
A magic dart appears from out of thin air!
The magic dart hits you.
* * * LOW HITPOINT WARNING * * *
You puncture something! Something hits you!
You die...

.(.........#.#
##.........#.#######
###................# * *
#........†.#.#####.., ,
.................######
#.##...............!...,
.. ##.†......##...!..<.
* # #.._........####...
#.....##.##[@{.# ,
#.....##>......#
#..#.###.####$.#* ##...#
#. ...# ###.# , ..... ,
* ###### * * , * , * ,,
* * * , , ,


There were no monsters in sight!

Vanquished Creatures
  An adder (D:2)
  A ball python (D:2)
  A bat (D:1)
  An endoplasm (D:2)
  2 giant cockroaches (D:1)
  2 hobgoblins
  3 kobolds
  2 frilled lizards
  4 rats (D:1)
17 creatures vanquished.

Notes
Turn   | Place    | Note
-------+----------+-------------------------------------------
     0 | D:1      | lunkers the Meteoran Fighter began the quest for the Orb.
     0 | D:1      | Reached XP level 1. HP: 19/19 MP: 2/2
    70 | D:1      | Reached XP level 2. HP: 21/26 MP: 3/3
   365 | D:2      | Found a radiant altar of Vehumet.
   402 | D:2      | Reached XP level 3. HP: 18/31 MP: 4/4
   415 | D:2      | Noticed Sigmund
   430 | D:2      | HP: 1/31 [something/magic dart (4)]
   431 | D:2      | Mangled by Sigmund

Illustrated notes

Levels and vault maps discovered:
D:1:      minmay_arrival_jagged, layout_loops_cross
D:2:      layout_rooms, basic_altar, uniq_natasha, uniq_sigmund

Skill      XL: |  1  2 |
---------------+-------+-----
Short Blades   | 3 |  3.8
Fighting       | |  3.2
Armour         | |  3.6
Shields        | |  3.6

Action                     || total
---------------------------++-------
  Melee: Rapier            ||    83
    Use: Potion            ||     1
 Armour: Scale mail        ||    37
  Dodge: Dodged            ||    31
  Block: Buckler           ||    12

Table legend: (Time is in decaauts)
 A = Elapsed time spent in this place.
 B = Non-inter-level travel time spent in this place.
 C = Inter-level travel time spent in this place.
 D = Time resting spent in this place.
 E = Time spent auto-exploring this place.
 F = Levels seen in this place.
 G = Mean time per level.
                   A        B        C        D        E       F      G
               +--------+--------+--------+--------+--------+-----+--------+
         Total |    437 |    386 |     51 |      0 |    230 |   2 |  218.5 |
       Dungeon |    437 |    386 |     51 |      0 |    230 |   2 |  218.5 |
               +--------+--------+--------+--------+--------+-----+--------+

Top non-repeatable levels by time:
     D:1: 368 daAuts
     D:2: 69 daAuts
